 Dungeon Crawl Stone Soup version 0.24-a0-513-g284f782df5 (webtiles) character file.

Game seed: 15915054777794203983

680 Azzok the Ruffian (level 7, 0/52 HPs)
             Began as a Red Draconian Transmuter on July 20, 2019.
             Was a Believer of Sif Muna.
             Slain by an ice beast (9 damage)
             ... on level 4 of the Dungeon.
             The game lasted 00:07:32 (5349 turns).

Azzok the Ruffian (Red Draconian Transmuter)        Turns: 5349, Time: 00:07:32

Health: 0/52       AC:  2    Str: 13    XL:     7   Next: 34%
Magic:  4/13       EV: 19    Int: 15    God:    Sif Muna [**....]
Gold:   274        SH:  0    Dex: 16    Spells: 6/14 levels left

rFire    . . .     SeeInvis .     - Unarmed
rCold    . . .     Gourm    .   (shield currently unavailable)
rNeg     . . .     Faith    .   (armour unavailable)
rPois    x         Spirit   .   (helmet currently unavailable)
rElec    .         Reflect  .   (cloak currently unavailable)
rCorr    .         Harm     .   (gloves currently unavailable)
MR       .....                  (boots currently unavailable)
Stlth    +.........             (no amulet)
HPRegen  0.17/turn              (no ring)
MPRegen  0.13/turn              (no ring)

@: spider-form, very slightly contaminated, lightly drained
A: tiny, (breathe fire), unfitting armour, AC +6
a: End Transformation, Channel Magic, Renounce Religion


You were on level 4 of the Dungeon.
You worshipped Sif Muna.
Sif Muna was pleased with you.
You were hungry.
You were a venomous arachnid creature.
You visited 1 branch of the dungeon, and saw 5 of its levels.

You collected 274 gold pieces.

Inventory:

Hand Weapons
 v - a +2 flail of draining (melded)
Missiles
 a - 46 arrows
Armour
 m - a scarf of repulsion (melded)
Jewellery
 q - an uncursed ring of protection from cold {unknown}
Wands
 r - a wand of polymorph (6)
Scrolls
 b - 2 scrolls of noise {unknown}
 d - 4 scrolls of remove curse {unknown}
 e - a scroll of immolation {unknown}
 f - a scroll of enchant armour {unknown}
 h - 2 scrolls of random uselessness {unknown}
 i - a scroll of fear {unknown}
 j - a scroll of blinking {unknown}
 n - 3 scrolls of teleportation {unknown}
 p - a scroll of identify {unknown}
 t - a scroll of fog {unknown}
 w - a scroll of enchant weapon {unknown}
Potions
 g - a potion of berserk rage {unknown}
 k - a potion of degeneration {unknown}
 l - a potion of might {unknown}
 o - 3 potions of curing {unknown}
 s - 2 potions of haste {unknown}
 u - a potion of mutation {unknown}
Comestibles
 c - 9 rations
 x - 2 chunks of flesh


   Skills:
 + Level 1.5(1.3) Fighting
 - Level 1.7(1.6) Dodging
 - Level 5.3(5.2) Unarmed Combat
 + Level 4.1(3.9) Spellcasting
 + Level 4.9(4.8) Transmutations
 + Level 0.4(0.3) Ice Magic
 - Level 2.0(1.8) Poison Magic


You had 6 spell levels left.
You knew the following spells:

 Your Spells              Type           Power        Failure   Level  Hunger
a - Beastly Appendage     Tmut           ###...       10%         1    None
b - Spider Form           Tmut/Pois      ##........   32%         3    ###....
c - Ice Form              Ice/Tmut       ##......     75%         4    ####...

Your spell library contained the following spells:

 Spells                   Type           Power        Failure   Level  Hunger
 Sticks to Snakes         Tmut           ###.....     12%         2    ##.....
 Animate Skeleton         Necr           N/A          38%         1    None
 Pain                     Necr           #...         38%         1    None
 Regeneration             Chrm/Necr      #.........   71%         3    ###....
 Vampiric Draining        Necr           #.........   71%         3    ###....
 Blade Hands              Tmut           ###.......   77%         5    ######.
 Animate Dead             Necr           N/A          96%         4    ####...


Dungeon Overview and Level Annotations

Branches:
Dungeon (5/15)             Temple (0/1) D:5

Altars:
Sif Muna
Vehumet

Shops:
D:4 :


Innate Abilities, Weirdness & Mutations

((You can breathe blasts of fire.))
((Your fiery red scales are hard. (AC +6)))
You cannot fit into any form of body armour.
((Your flesh is heat resistant. (rF+)))
((You are cold-blooded and may be slowed by cold attacks.))


Message History

The ice beast is lightly wounded.
The kobold completely misses you. The ice beast hits you.
* * * LOW HITPOINT WARNING * * *
The ice beast freezes you.
* * * LOW HITPOINT WARNING * * *
You hit the ice beast.
The ice beast is moderately wounded.
The kobold closely misses you. The ice beast barely misses you.
You hit the ice beast.
The ice beast is moderately wounded.
The kobold hits you but does no damage. The ice beast completely misses you.
You hit the ice beast.
The ice beast is heavily wounded.
The kobold barely misses you. The ice beast completely misses you.
You barely miss the ice beast.
The ice beast is heavily wounded.
The kobold completely misses you. The ice beast hits you.
* * * LOW HITPOINT WARNING * * *
The ice beast freezes you!
You die...

·▒········▒▒▒··▒·▒▒▒······▒▒▒▒···
·▒▒▒▒▒▒·▒▒·······▒ ▒·····▒▒ ▒··▒
·▒ ▒·····▒·▒▒▒·▒·▒ ▒·····▒ ▒▒·▒
·▒ ▒·▒▒▒▒▒·▒ ▒···▒ ▒·····▒ ▒▒▒·▒
·▒ ▒·▒··▒▒·▒ ▒·▒·▒ ▒·····▒ ▒▒····
·▒ ▒····▒▒·▒ ▒·▒·▒ ▒·····▒ ▒··▒··
·▒▒▒▒▒·····▒ ▒···▒ ▒·····▒ ▒·▒▒··
··▒ ▒····▒▒▒▒·KY▒ ▒·····▒ ▒·▒···
··▒▒▒▒▒·▒···▒▒··s▒ ▒·····▒ ▒·▒▒(▒
········▒····▒▒▒▒▒ ▒·····▒▒▒··▒▒▒
·▒▒▒▒▒▒▒▒·▒··▒·▒ ▒······▒▒▒····
·▒·▒···▒▒·▒····▒ ▒▒▒▒▒▒··▒▒▒▒▒▒
···▒·▒·······▒·▒ ▒▒·▒
········▒······▒ ▒·▒
·····<·····▒·▒▒▒ ▒·▒
······▒········▒ ▒·▒
·▒▒·▒···▒····▒·▒ ▒·▒


You could see an ice beast and a kobold.

Vanquished Creatures
  Grinder (D:4)
  Blork the orc (D:4)
  2 hounds
  2 orc priests
  A bullfrog skeleton (D:4)
  2 worker ants
  2 orc wizards
  7 adders
  An adder skeleton (D:4)
  2 worms (D:2)
  4 dart slugs
  3 leopard geckos
  9 orcs
  3 giant cockroaches
  4 goblins
  7 hobgoblins
  4 jackals (D:3)
  3 quokkas (D:3)
  A ball python (D:4)
  8 bats
  7 frilled lizards
  2 kobolds
  9 rats
85 creatures vanquished.

Notes
Turn   | Place    | Note
-------+----------+-------------------------------------------
     0 | D:1      | Azzok the Draconian Transmuter began the quest for the Orb.
     0 | D:1      | Reached XP level 1. HP: 16/16 MP: 3/3
   226 | D:1      | Reached XP level 2. HP: 10/23 MP: 3/5
  1126 | D:2      | Found a deep blue altar of Sif Muna.
  1142 | D:2      | Became a worshipper of Sif Muna the Loreminder
  1562 | D:2      | Reached XP level 3. HP: 24/28 MP: 6/6
  1567 | D:2      | Learned a level 3 spell: Spider Form
  2666 | D:3      | Reached skill level 4 in Unarmed Combat
  2666 | D:3      | Reached XP level 4. HP: 31/35 MP: 0/7
  2802 | D:3      | Reached * piety under Sif Muna
  3321 | D:3      | Reached XP level 5. HP: 23/40 MP: 4/9
  3710 | D:4      | Noticed Blork the orc
  3718 | D:4      | Killed Blork the orc
  3718 | D:4      | Reached skill level 1 in Poison Magic
  4018 | D:4      | Found Yfit's Book Emporium.
  4114 | D:4      | Found a radiant altar of Vehumet.
  4127 | D:4      | Reached XP level 6. HP: 34/47 MP: 7/10
  4735 | D:4      | Noticed Grinder
  4749 | D:4      | Paralysed by Grinder for 2 turns
  4751 | D:4      | Killed Grinder
  4751 | D:4      | Reached skill level 5 in Unarmed Combat
  4751 | D:4      | Your scales start taking on a fiery red colour.
  4751 | D:4      | Reached XP level 7. HP: 15/52 MP: 9/13
  4751 | D:4      | Gained mutation: Your flesh is heat resistant. (rF+) [Red
                  | Draconian growth]
  5113 | D:5      | Entered Level 5 of the Dungeon
  5119 | D:5      | Learned a level 4 spell: Ice Form
  5300 | D:5      | Reached ** piety under Sif Muna
  5318 | D:5      | Found a staircase to the Ecumenical Temple.
  5349 | D:4      | Slain by an ice beast

Levels and vault maps discovered:
D:1:      dpeg_arrival_court, layout_basic, minmay_lizard_pond
D:2:      layout_loops_ring, lemuel_crystal_altar, first_ration
D:3:      layout_basic
D:4:      layout_basic, vehumet_crystals, serial_shops, shop,
          minmay_three_crescents, uniq_grinder, uniq_blork_the_orc
D:5:      layout_gridville, minitemple, minmay_temple_entry_statues_fountains

Skill      XL: |  1  2  3  4  5  6 |
---------------+-------------------+-----
Transmutations | 3 4 |  4.9
Unarmed Combat | 4 5 |  5.3
Spellcasting   | 3 4 |  4.1
Poison Magic   | 1 2 |  2.0
Fighting       | |  1.5
Dodging        | |  1.7
Ice Magic      | |  0.4

Action                   |  1- 3 |  4- 6 |  7- 9 || total
-------------------------+-------+-------+-------++-------
Melee: Unarmed           |   192 |   129 |    21 ||   342
       Tailslap          |    20 |     8 |       ||    28
       Kick              |     3 |       |       ||     3
       Headbutt          |     2 |       |       ||     2
       Punch             |     1 |       |       ||     1
       Flail             |       |       |     5 ||     5
 Cast: Beastly Appendage |     8 |     1 |     4 ||    13
       Spider Form       |     7 |    10 |     3 ||    20
 Stab: Sleeping          |     1 |       |       ||     1
  Eat: Chunk             |     7 |     8 |     2 ||    17
Armor: Skin              |    61 |    37 |     5 ||   103
Dodge: Dodged            |   127 |    96 |    32 ||   255

Table legend:
 A = Non-vault XP
 B = Vault XP
 C = Vault XP percentage of total XP
 D = Non-vault monster count
 E = Vault monster count
 F = Vault count percentage of total count
                 A         B        C        D         E       F
            +---------+---------+-------+---------+---------+-------
      Total |     538 |     434 |  44.7 |      78 |       7 |   8.2
            +---------+---------+-------+---------+---------+-------
        D:1 |      25 |       3 |  10.7 |      14 |       3 |  17.6
        D:2 |      49 |       0 |   0.0 |      21 |       0 |   0.0
        D:3 |     129 |       0 |   0.0 |      24 |       0 |   0.0
        D:4 |     231 |     431 |  65.1 |      14 |       4 |  22.2
        D:5 |     104 |       0 |   0.0 |       5 |       0 |   0.0
            +---------+---------+-------+---------+---------+-------
